AoeStats
← OpulentSilver

Arabia

508560544Analyzed
2v2 RM · 11d ago on Sep 23, 2026· 37m 16s· 4 players
Game mode
Random Map
Map size
Medium (4 player)
Population
200
Speed
Normal
Resources
Standard
Victory
Conquest
Starting age
Dark Age
Ending age
Imperial Age
RankedLock teamsTeams togetherTeam positionsShared explorationLock speedFull tech treeHidden civsTurbo modeCheats
Victory
Defeat
🇺🇸 Portuguese · United States
817
+9
🇺🇸 Burgundians · United States
813
+9
🇧🇷 Danes · Brazil
686
-10
🇲🇽 Wu · Mexico
634
-8
OpulentSilver
8:33 Loom
11:50 Feudal Age
12:12 Horse Collar
12:19 Double-Bit Axe
18:47 Castle Age
20:09 Bow Saw
20:03 Heavy Plow
20:41 Wheelbarrow
22:06 Stone Mining
22:59 Pikeman
24:10 Hand Cart
25:00 Stone Shaft Mining
27:32 Gold Mining
28:48 Town Watch
30:01 Gold Shaft Mining
30:34 Ballistics
BLACKTROOPER700
10:20 Feudal Age
10:26 Man-at-Arms
11:03 Loom
11:47 Double-Bit Axe
15:45 Forging
21:20 Castle Age
23:41 Horse Collar
24:16 Town Watch
25:47 Wheelbarrow
26:24 Stone Mining
27:10 Scale Mail Armor
28:36 Bloodlines
29:16 Pikeman
31:29 Bow Saw
33:22 Fletching
34:08 Bodkin Arrow
34:16 Padded Archer Armor
polearm
8:47 Loom
11:08 Feudal Age
11:40 Double-Bit Axe
12:04 Horse Collar
12:37 Bow Saw
22:02 Castle Age
21:40 Gold Mining
21:55 Heavy Plow
22:34 Scale Barding Armor
22:41 Light Cavalry
23:38 Cavalier
24:54 Husbandry
30:18 Chain Barding Armor
31:33 Wheelbarrow
32:54 Burgundian Vineyards
36:30 Imperial Age
youngburial
8:36 Loom
11:27 Feudal Age
12:32 Double-Bit Axe
15:20 Horse Collar
15:55 Padded Archer Armor
15:52 Gold Mining
17:18 Fletching
23:32 Castle Age
23:37 Crossbowman
24:24 Thumb Ring
24:59 Bow Saw
24:54 Heavy Plow
27:49 Wheelbarrow
27:00 Town Watch
28:36 Husbandry
28:47 Bloodlines
30:13 Bodkin Arrow
30:24 Scale Barding Armor
30:30 Forging
30:46 Ballistics
31:58 Hand Cart
37:45 Imperial Age
Connection lost

Rejoining the realm…

Still unreachable

The connection could not be restored.

Session expired

The server has moved on; the page needs a fresh start.